 Dungeon Crawl Stone Soup version 0.27.1-34-g3ba077fa99 (webtiles) character file.

Game seed: 6002347275252801392

1094 Violens the Cleaver (level 8, 0/69 HPs)
             Began as a Minotaur Fighter on Jan 19, 2022.
             Was a Priest of Vehumet.
             Slain by a lemure (3 damage)
             ... led by Pikel
             ... on level 6 of the Dungeon.
             The game lasted 00:29:51 (4287 turns).

Violens the Cleaver (Minotaur Fighter)              Turns: 4287, Time: 00:29:52

Health: 0/69       AC: 10    Str: 22    XL:     8   Next: 10%
Magic:  7/7        EV:  6    Int:  5    God:    Vehumet [***...]
Gold:   138        SH: 10    Dex: 11    Spells: 6/7 levels left

rFire    + + .     SeeInvis .   a - +1 war axe
rCold    x . .     Faith    .   c - +0 kite shield
rNeg     . . .     Spirit   .   d - +0 chain mail
rPois    +         Reflect  .   (helmet restricted)
rElec    .         Harm     .   (no cloak)
rCorr    +         Rampage  .   (no gloves)
Will     .....                  (no boots)
Stlth    ..........             (no amulet)
HPRegen  0.21/turn              e - ring "Xylogurgh" {Fire rPois}
MPRegen  0.10/turn              f - ring of Qareriej {rPois rF+ rCorr}

@: about to teleport
A: horns 2, retaliatory headbutt
a: Renounce Religion


You were on level 6 of the Dungeon.
You worshipped Vehumet.
Vehumet was most pleased with you.
You visited 1 branch of the dungeon, and saw 6 of its levels.

You collected 138 gold pieces.

Inventory:

Hand Weapons
 a - a +1 war axe (weapon)
 b - a +1 hand axe of draining
 l - a +3 dagger
Missiles
 i - 15 poisoned darts
 j - 11 boomerangs (quivered)
Armour
 c - a +0 kite shield (worn)
 d - a +0 chain mail (worn)
Jewellery
 e - the ring "Xylogurgh" (left hand) {Fire rPois}
   (You acquired it on level 4 of the Dungeon)

   [ring of fire]

   It enhances your fire magic.
   rF:        It protects you from fire.
   rC:        It makes you vulnerable to cold.
   rPois:     It protects you from poison.
 f - the ring of Qareriej (right hand) {rPois rF+ rCorr}
   (You acquired it on level 5 of the Dungeon)

   [ring of resist corrosion]

   rF:        It protects you from fire.
   rPois:     It protects you from poison.
   rCorr:     It protects you from acid and corrosion.
Wands
 g - a wand of iceblast (1)
 h - a wand of flame (35)
Scrolls
 n - a scroll of amnesia
 p - 5 scrolls of teleportation
 q - a scroll of fear {unknown}
 s - 2 scrolls of identify
Potions
 k - a potion of ambrosia
 m - a potion of heal wounds {unknown}
 o - a potion of might
 r - 2 potions of curing


   Skills:
 + Level 5.6 Fighting
 + Level 8.3 Axes
 + Level 0.1 Throwing
 + Level 6.1 Armour
 + Level 1.0 Dodging
 + Level 0.7 Stealth
 + Level 5.4 Shields
 + Level 0.6 Evocations


You had 6 spell levels left.
You knew the following spells:

 Your Spells              Type           Power      Damage    Failure   Level
a - Magic Dart            Conj           0%         1d3       96%         1

Your spell library contained the following spells:

 Spells                   Type           Power      Damage    Failure   Level
 Poisonous Vapours        Pois/Air       0%         N/A       99%         2
 Freeze                   Ice            0%         1d3       96%         1
 Blink                    Tloc           N/A        N/A       100%        2
 Frozen Ramparts          Ice            0%         1d2       100%        3
 Stone Arrow              Conj/Erth      0%         3d7       100%        3
 Animate Armour           Summ/Erth      0%         N/A       100%        4
 Hailstorm                Conj/Ice       0%         3d3       100%        4
 Manifold Assault         Tloc           0%         N/A       100%        5
 Storm Form               Tmut/Air       0%         N/A       100%        7
 Lehudib's Crystal Spear  Conj/Erth      0%         10d2      100%        8


Dungeon Overview and Level Annotations

Branches:
Dungeon (6/15)             Temple (0/1) D:4

Altars:
Cheibriados
Qazlal
Ru
Vehumet
Wu Jian


Innate Abilities, Weirdness & Mutations

You have a pair of horns on your head.
You reflexively headbutt those who attack you in melee.


Message History

* * * LOW HITPOINT WARNING * * *
You block the hound's attack.
You hit the hound. Your headbutt misses the hound.
The hound is severely wounded.
You hit the lemure. You block the hound's attack.
The lemure hits you but does no damage. The hound closely misses you.
You barely miss the hound. You headbutt the hound.
You kill the hound!
Vehumet accepts your kill.
Your chain mail prevents you from hitting the lemure.
You block the lemure's attack.
You block the killer bee zombie's attack.
The lemure hits you.
* * * LOW HITPOINT WARNING * * *
The killer bee zombie barely misses you.
As you read the scroll of teleportation, it crumbles to dust.
You feel strangely unstable.
The killer bee zombie hits you but does no damage.
You block the lemure's attack. The killer bee zombie hits you.
* * * LOW HITPOINT WARNING * * *
Your shield prevents you from hitting the lemure.
You hit the killer bee zombie.
The killer bee zombie barely misses you.
The lemure barely misses you.
The killer bee zombie hits you but does no damage.
You closely miss the lemure.
You headbutt the lemure, but do no damage.
You hit the killer bee zombie. The killer bee zombie hits you.
* * * LOW HITPOINT WARNING * * *
The lemure hits you but does no damage.
You block the killer bee zombie's attack.
You hit the lemure. Your headbutt misses the lemure.
The lemure is lightly wounded.
You slash the killer bee zombie!
The killer bee zombie completely misses you.
You furiously retaliate!
You headbutt the killer bee zombie!
You destroy the killer bee zombie!
Vehumet accepts your kill. You block the lemure's attack. The lemure hits you.
You die...

### ..# #.#
#.# #.# #5# ##
#.# #@# ..
.....##<#.####
.............#
.............#
.............#
.............#
.............#
..<..........#
..#..........#


You could see a lemure.

Vanquished Creatures
  A water moccasin (D:5)
  A phantom (D:5)
  4 scorpions
  A water moccasin skeleton (D:4)
  A howler monkey (D:4)
  A bullfrog zombie (D:3)
  A jelly (D:4)
  An orc priest (D:5)
  A gnoll shaman (D:6)
  2 hounds
  Ijyb (D:4)
  Terence (D:2)
  2 iguanas
  3 orc wizards (D:3)
  A killer bee zombie (D:6)
  A hound skeleton (D:4)
  3 gnolls (D:6)
  8 adders
  A white imp (D:5)
  An ufetubus (D:5)
  An adder skeleton (D:4)
  A worm (D:4)
  A dart slug (D:1)
  14 orcs
  8 ball pythons
  7 endoplasms
  2 giant cockroaches
  10 goblins
  3 hobgoblins
  7 jackals (D:1)
  6 quokkas
  8 bats
  4 frilled lizards
  4 kobolds
  A quokka skeleton (D:4)
  6 rats
119 creatures vanquished.

Vanquished Creatures (others)
  An orc wizard (D:3)
1 creature vanquished.

Grand Total: 120 creatures vanquished

Notes
Turn   | Place    | Note
-------+----------+-------------------------------------------
     0 | D:1      | Violens the Minotaur Fighter began the quest for the Orb.
     0 | D:1      | Reached XP level 1. HP: 19/19 MP: 0/0
   123 | D:1      | Reached XP level 2. HP: 24/27 MP: 1/1
   555 | D:1      | Reached XP level 3. HP: 33/33 MP: 2/2
   836 | D:1      | Reached skill level 3 in Axes
   936 | D:2      | Noticed Terence
   953 | D:2      | Killed Terence
   954 | D:2      | Reached XP level 4. HP: 20/40 MP: 3/3
  1156 | D:2      | Found a faded altar of an unknown god.
  1165 | D:2      | Became a worshipper of Vehumet
  1165 | D:2      | Reached * piety under Vehumet
  1165 | D:2      | Offered knowledge of Magic Dart by Vehumet.
  1171 | D:2      | Learned a level 1 spell: Magic Dart
  1331 | D:2      | Reached skill level 4 in Axes
  1830 | D:3      | Reached XP level 5. HP: 46/46 MP: 4/4
  2282 | D:3      | Reached ** piety under Vehumet
  2282 | D:3      | Offered knowledge of Static Discharge by Vehumet.
  2480 | D:3      | Found a snail-covered altar of Cheibriados.
  2486 | D:3      | Reached skill level 5 in Armour
  2704 | D:3      | Found a sacrificial altar of Ru.
  2707 | D:3      | Found a stormy altar of Qazlal.
  2707 | D:3      | Found an ornate altar of the Wu Jian Council.
  3122 | D:4      | Found a staircase to the Ecumenical Temple.
  3131 | D:4      | Reached skill level 5 in Axes
  3131 | D:4      | Reached XP level 6. HP: 48/49 MP: 5/5
  3134 | D:4      | Identified 2 scrolls of acquirement
  3134 | D:4      | Acquired the ring "Xylogurgh" {Fire rPois}
  3280 | D:4      | Reached skill level 1 in Dodging
  3280 | D:4      | Reached skill level 5 in Shields
  3439 | D:4      | Noticed Ijyb
  3444 | D:4      | Killed Ijyb
  3450 | D:4      | Reached skill level 6 in Axes
  3706 | D:5      | Entered Level 5 of the Dungeon
  3717 | D:5      | Reached XP level 7. HP: 53/60 MP: 6/6
  3772 | D:5      | Acquired the ring of Qareriej {rPois rF+ rCorr}
  3887 | D:5      | Reached skill level 7 in Axes
  3958 | D:5      | Offered knowledge of Poisonous Vapours by Vehumet.
  3959 | D:5      | Reached skill level 5 in Fighting
  4068 | D:5      | Reached skill level 8 in Axes
  4269 | D:6      | Reached XP level 8. HP: 28/69 MP: 7/7
  4277 | D:6      | Reached *** piety under Vehumet
  4286 | D:6      | HP: 2/69 [killer bee zombie (4)]
  4287 | D:6      | Slain by a lemure

Illustrated notes

Levels and vault maps discovered:
D:1:      dpeg_arrival_round_a, layout_basic, minmay_split_cup_large
D:2:      layout_rooms, shapermc_ecumenical_altar_pompeii, uniq_terence
D:3:      layout_basic, mainiacjoe_overflow_alcove_1,
          grunt_temple_overflow_open, minmay_misc_feat_tower,
          grunt_decor_mini_mirrors, st_stairs_4, minmay_misc_feat_encased,
          minmay_misc_feat_pillars, kennysheep_pointless_box, corexii_shack
D:4:      layout_cave_pools, minmay_temple_entry_junction_2, serial_park,
          serial_park_gazebo [serial_park_minivault_5x5_3], serial_park_square2,
          hangedman_decor_growths, glass_columns_a, uniq_ijyb
D:5:      layout_cave_pools, kennysheep_cluttered_room
D:6:      layout_basic, minmay_three_doors, uniq_pikel

Skill      XL: |  1  2  3  4  5  6  7 |
---------------+----------------------+-----
Armour         | 4 5 6 |  6.1
Shields        | 4 5 |  5.4
Fighting       | 4 5 |  5.6
Axes           | 3 4 5 6 8 |  8.3
Dodging        | 1 |  1.0
Throwing       | |  0.1
Stealth        | |  0.7
Evocations     | |  0.6

Action                   |  1- 3 |  4- 6 |  7- 9 || total
-------------------------+-------+-------+-------++-------
Melee: War axe           |    82 |   149 |    76 ||   307
       Headbutt          |     9 |    32 |    15 ||    56
Throw: Dart              |       |     2 |       ||     2
       Boomerang         |       |       |     4 ||     4
Evoke: Wand              |       |     5 |     3 ||     8
  Use: Scroll            |       |     8 |     5 ||    13
       Potion            |       |       |     1 ||     1
Armor: Scale mail        |    40 |       |       ||    40
       Chain mail        |       |    92 |    35 ||   127
Dodge: Dodged            |    28 |    28 |    14 ||    70
Block: Kite shield       |    56 |    69 |    44 ||   169
